 Dungeon Crawl Stone Soup version 0.21.1-1-g345015f (webtiles) character file.

19 theblackcape the Covered (level 2, -5/20 HPs)
             Began as a Gnoll Wanderer on June 18, 2018.
             Slain by an iguana (11 damage)
             ... on level 2 of the Dungeon.
             The game lasted 00:02:35 (1066 turns).

theblackcape the Covered (Gnoll Wanderer)           Turns: 1066, Time: 00:02:36

Health: -5/20      AC:  9    Str: 16    XL:     2   Next: 75%
Magic:  5/5        EV:  9    Int: 12    God:
Gold:   22         SH:  0    Dex: 14    Spells: 5/6 levels left

rFire    . . .     SeeInvis .   d - +0 club
rCold    . . .     Gourm    .   (no shield)
rNeg     . . .     Faith    .   a - +2 scale mail
rPois    .         Spirit   .   (no helmet)
rElec    .         Reflect  .   (no cloak)
rCorr    .         Harm     .   (no gloves)
MR       .....                  (no boots)
Stlth    +.........             (no amulet)
HPRegen  0.06/turn              (no ring)
MPRegen  0.09/turn              (no ring)

@: no status effects
A: distributed training, fangs 1, strong nose
a: no special abilities


You were on level 2 of the Dungeon.
You were not hungry.

You visited 1 branch of the dungeon, and saw 2 of its levels.

You collected 22 gold pieces.

Inventory:

Hand Weapons
 d - a +0 club (weapon)
 e - a +0 hunting sling
Armour
 a - a +2 scale mail (worn)
Scrolls
 j - a scroll of teleportation
Potions
 b - a potion of curing
 g - a potion of might {unknown}
 h - a potion of resistance {unknown}
 i - a potion of flight {unknown}
Books
 c - the Grimoire of the Entourage

   Spells                             Type                      Level
   a - Summon Butterflies             Summoning                    1
   b - Summon Guardian Golem          Hexes/Summoning              3
Comestibles
 f - 2 rations


   Skills:
 + Level 0.5 Fighting
 + Level 0.5 Short Blades
 + Level 0.5 Long Blades
 + Level 4.5 Axes
 + Level 0.5 Maces & Flails
 + Level 0.5 Polearms
 + Level 0.5 Staves
 + Level 0.5 Slings
 + Level 0.5 Bows
 + Level 0.5 Crossbows
 + Level 0.5 Throwing
 + Level 6.5 Armour
 + Level 0.5 Dodging
 + Level 2.3 Stealth
 + Level 2.5 Shields
 + Level 0.5 Unarmed Combat
 + Level 2.7 Spellcasting
 + Level 0.3 Conjurations
 + Level 0.3 Hexes
 + Level 0.3 Charms
 + Level 2.0 Summonings
 + Level 0.3 Necromancy
 + Level 0.3 Translocations
 + Level 2.0 Transmutations
 + Level 0.3 Fire Magic
 + Level 0.3 Ice Magic
 + Level 0.3 Air Magic
 + Level 0.3 Earth Magic
 + Level 0.3 Poison Magic
 + Level 0.6 Invocations
 + Level 0.5 Evocations


You had 5 spell levels left.
You knew the following spells:

 Your Spells              Type           Power        Failure   Level  Hunger
a - Summon Butterflies    Summ           #.......     34%         1    #......


Dungeon Overview and Level Annotations

Branches:
Dungeon (2/15)

Altars:


Innate Abilities, Weirdness & Mutations

Your experience applies equally to all skills.
You have very sharp teeth.
Your uncanny sense of smell can sniff out nearby items.


Message History

The iguana is lightly wounded.
The iguana closely misses you.
You barely miss the iguana. You bite the iguana, but do no damage.
The iguana is lightly wounded.
The iguana barely misses you. The iguana bites you.
You hit the iguana but do no damage. You bite the iguana.
The iguana is lightly wounded.
The iguana barely misses you.
You hit the iguana but do no damage.
The iguana is lightly wounded.
The iguana bites you.
* * * LOW HITPOINT WARNING * * *
You hit the iguana but do no damage.
The iguana is lightly wounded.
The iguana barely misses you.
You barely miss the iguana.
The iguana is lightly wounded.
The iguana barely misses you. The iguana bites you!
Ouch! That really hurt!
You die...

...... #?.... #....
#... .# #### #.. .#
... #.# # .#
###.##.##.# .#
#...l@....# .#
#.#.##.#####>#
....#...).l..#
..............#
###.###.##..........#
.. #. ####.####### #.
.. #.# #. ##. ..# ##
###


You could see an iguana.

Vanquished Creatures
  A worm (D:2)
  2 giant cockroaches (D:1)
  3 goblins (D:1)
  3 hobgoblins
  2 kobolds (D:1)
  3 rats
14 creatures vanquished.

Notes
Turn   | Place    | Note
-------+----------+-------------------------------------------
     0 | D:1      | theblackcape the Gnoll Wanderer began the quest for the Orb.
     0 | D:1      | theblackcape set off with: a +2 scale mail, a potion of curing, the Grimoire of the Entourage, a +0 club, a ration
     0 | D:1      | Reached XP level 1. HP: 13/13 MP: 4/4
   119 | D:1      | Reached XP level 2. HP: 16/19 MP: 5/5
   820 | D:2      | Identified the Grimoire of the Entourage
   822 | D:2      | Learned a level 1 spell: Summon Butterflies
  1066 | D:2      | Slain by an iguana

Skill      XL: |  1 |
---------------+----+-----
Summonings     | 2 |  2.0
Transmutations | 2 |  2.0
Fighting       | |  0.5
Short Blades   | |  0.5
Long Blades    | |  0.5
Axes           | |  4.5
Maces & Flails | |  0.5
Polearms       | |  0.5
Staves         | |  0.5
Slings         | |  0.5
Bows           | |  0.5
Crossbows      | |  0.5
Throwing       | |  0.5
Armour         | |  6.5
Dodging        | |  0.5
Stealth        | |  2.3
Shields        | |  2.5
Unarmed Combat | |  0.5
Spellcasting   | |  2.7
Conjurations   | |  0.3
Hexes          | |  0.3
Charms         | |  0.3
Necromancy     | |  0.3
Translocations | |  0.3
Fire Magic     | |  0.3
Ice Magic      | |  0.3
Air Magic      | |  0.3
Earth Magic    | |  0.3
Poison Magic   | |  0.3
Invocations    | |  0.6
Evocations     | |  0.5

Action                   || total
-------------------------++-------
Melee: Club              ||    86
       Bite              ||     6
       Punch             ||     1
 Cast: Summon Butterflie ||     1
  Use: Scroll            ||     1
  Eat: Chunk             ||     1
Armor: Scale mail        ||    33
Dodge: Dodged            ||    51
